 Dungeon Crawl Stone Soup version 0.28-a0-1594-ga885d4b3d6 (webtiles) character file.

Game seed: 12882124652309601361

101 wazuzu the Changer (level 4, 0/32 HPs)
             Began as a Demonspawn Transmuter on Jan 20, 2022.
             Slain by a phantom (2 damage)
             ... on level 3 of the Dungeon.
             The game lasted 00:03:33 (2760 turns).

wazuzu the Changer (Demonspawn Transmuter)          Turns: 2760, Time: 00:03:34

Health: 0/32       AC:  9    Str: 13    XL:     4   Next: 48%
Magic:  8/8        EV: 11    Int: 14    God:
Gold:   147        SH:  4    Dex: 13    Spells: 7/8 levels left

rFire   . . .      SeeInvis .   d - +2 dagger (venom)
rCold   . . .      Faith    .   (no shield)
rNeg    . . .      Spirit   .   g - +0 ring mail
rPois   +          Reflect  .   k - +0 helmet
rElec   .          Harm     .   o - +1 cloak {rPois}
rCorr   .          Rampage  .   (no gloves)
Will    .....                   (no boots)
Stlth   +.........              (no amulet)
HPRegen 0.10/turn               (no ring)
MPRegen 0.11/turn               (no ring)

@: no status effects
A: hooves 1, sharp scales 1, condensation shield
a: no special abilities


You were on level 3 of the Dungeon.
You visited 1 branch of the dungeon, and saw 3 of its levels.

You collected 147 gold pieces.


Innate Abilities, Weirdness & Mutations

You have large cloven feet.
You are partially covered in razor-sharp scales. (AC +1, Slay +1)
A meltable shield of frost defends you. (SH +4)


   Skills:
 - Level 1.0 Fighting
 + Level 1.2 Armour
 - Level 2.0 Dodging
 - Level 2.6 Unarmed Combat
 + Level 2.8 Spellcasting
 * Level 3.3 Transmutations


You had 7 spell levels left.
You knew the following spells:

 Your Spells              Type           Power      Damage    Failure   Level
a - Beastly Appendage     Tmut           22%        N/A       12%         1

Your spell library contained the following spells:

 Spells                   Type           Power      Damage    Failure   Level
 Wereblood                Tmut           11%        N/A       17%         2
 Magic Dart               Conj           4%         1d3       43%         1
 Call Imp                 Summ           1%         N/A       56%         2
 Spider Form              Tmut/Pois      6%         N/A       56%         3
 Dazzling Flash           Conj/Hex       2%         N/A       80%         3
 Mephitic Cloud           Conj/Pois/Air  1%         N/A       80%         3
 Ice Form                 Ice/Tmut       6%         N/A       93%         4
 Agony                    Necr           1%         N/A       100%        5
 Silence                  Hex/Air        0%         N/A       100%        5


Dungeon Overview and Level Annotations

Branches:
Dungeon (3/15)

Altars:
Qazlal

Shops:
D:1 (:

Inventory:

Hand Weapons
 d - a +2 dagger of venom (weapon)
   (You took it off a goblin on level 1 of the Dungeon)
Armour
 g - a +0 ring mail (worn)
 k - a +0 helmet (worn)
 o - a +1 cloak of poison resistance (worn)
   (You took it off Crazy Yiuf on level 2 of the Dungeon)
Scrolls
 b - a scroll of noise {unknown}
 f - a scroll of immolation {unknown}
 i - a scroll of amnesia {unknown}
 l - a scroll of teleportation {unknown}
Potions
 e - a potion of degeneration {unknown}
 h - a potion of invisibility {unknown}
 j - 2 potions of mutation {unknown}
 m - a potion of berserk rage {unknown}
 n - a potion of curing {unknown}

#. #. ... #. ..
..##.#.########### ..
.......<......##.##.# .
...#.#..............##..
#.#.#......>..$....
#.#.#..............
###.#......@...#
#.#.....W....#
#.#.###.......... #.#.#
#..#######. #. ...# ##
#...# .... .#...


You could see a phantom.


Message History

You climb downwards.
There is a stone staircase leading up here.
Found a stone staircase leading down.
The phantom hits you.
You hit the phantom.
The phantom is lightly damaged.
The phantom hits you but does no damage.
You hit the phantom. You kick the phantom, but do no damage.
The phantom is moderately damaged.
The phantom barely misses you.
You miss the phantom.
The phantom is moderately damaged.
The phantom closely misses you.
You hit the phantom.
The phantom is moderately damaged.
The phantom misses you.
You barely miss the phantom.
The phantom is moderately damaged.
The phantom hits you but does no damage.
You miss the phantom.
The phantom is moderately damaged.
The phantom hits you but does no damage.
You closely miss the phantom.
The phantom is moderately damaged.
The phantom hits you but does no damage.
You hit the phantom.
The phantom is heavily damaged.
The phantom hits you.
You hit the phantom but do no damage.
The phantom is heavily damaged.
The phantom hits you but does no damage.
You hit the phantom but do no damage.
The phantom is heavily damaged.
The phantom hits you!
You closely miss the phantom.
The phantom is heavily damaged.
The phantom hits you.
* * * LOW HITPOINT WARNING * * *
The phantom blinks!
You blink.
You hit the phantom but do no damage.
The phantom is heavily damaged.
The phantom closely misses you.
You barely miss the phantom.
The phantom is heavily damaged.
The phantom hits you.
* * * LOW HITPOINT WARNING * * *
The phantom blinks!
You blink.
You hit the phantom.
The phantom is heavily damaged.
The phantom hits you.
* * * LOW HITPOINT WARNING * * *
The phantom blinks!
You blink.
Found 15 gold pieces.
You hit the phantom but do no damage. You kick the phantom, but do no damage.
The phantom is heavily damaged.
The phantom hits you.
* * * LOW HITPOINT WARNING * * *
You hit the phantom.
The phantom is heavily damaged.
The phantom hits you but does no damage.
You completely miss the phantom.
The phantom is heavily damaged.
The phantom barely misses you.
You hit the phantom. You kick the phantom, but do no damage.
The phantom is severely damaged.
The phantom hits you.
* * * LOW HITPOINT WARNING * * *
You hit the phantom. You kick the phantom, but do no damage.
The phantom is severely damaged.
The phantom hits you.
You die...

Action                   |  1- 3 |  4- 6 || total
-------------------------+-------+-------++-------
Melee: Unarmed           |    28 |       ||    28
       Kick              |    11 |     6 ||    17
       Headbutt          |     3 |       ||     3
       Dagger            |    60 |    27 ||    87
       Punch             |       |     1 ||     1
 Cast: Beastly Appendage |     4 |       ||     4
Armor: Leather armour    |     5 |       ||     5
       Robe              |     1 |       ||     1
       Ring mail         |    22 |     6 ||    28
Dodge: Dodged            |    50 |     7 ||    57
Block: Other             |       |     1 ||     1

Levels and vault maps discovered:
D:1:      ncdulo_lavacross, layout_loops_cross, serial_shops, shop,
          nicolae_shop_bloodbath_and_beyond, minmay_cupped
D:2:      layout_basic, basic_altar, shapermc_ecumenical_altar_venn, uniq_robin,
          uniq_crazy_yiuf_cottage
D:3:      layout_basic, marbit_many_paths, uniq_jessica

Notes
Turn   | Place    | Note
-------+----------+-------------------------------------------
     0 | D:1      | wazuzu the Demonspawn Transmuter began the quest for the
                  | Orb.
     0 | D:1      | Reached XP level 1. HP: 15/15 MP: 3/3
   241 | D:1      | Reached skill level 2 in Transmutations
   397 | D:1      | Gained mutation: You are partially covered in razor-sharp
                  | scales. (AC +1, Slay +1) [demonic ancestry]
   397 | D:1      | Reached XP level 2. HP: 9/21 MP: 3/5
  1038 | D:1      | Found Ukuleyra's Book Shop.
  1320 | D:1      | Found Valefeonk's Weapon Shop.
  1562 | D:2      | Gained mutation: You have large cloven feet. [demonic
                  | ancestry]
  1562 | D:2      | Reached XP level 3. HP: 26/26 MP: 6/6
  1610 | D:2      | Found a faded altar of an unknown god.
  1693 | D:2      | Reached skill level 2 in Dodging
  1707 | D:2      | Found a stormy altar of Qazlal.
  1725 | D:2      | Noticed Robin
  1741 | D:2      | Killed Robin
  1742 | D:2      | Reached skill level 3 in Transmutations
  2012 | D:2      | Reached skill level 1 in Armour
  2012 | D:2      | Gained mutation: A meltable shield of frost defends you.
                  | (SH +4) [demonic ancestry]
  2012 | D:2      | Reached XP level 4. HP: 32/32 MP: 7/7
  2029 | D:2      | Found a runed translucent door.
  2030 | D:2      | Noticed Crazy Yiuf
  2407 | D:2      | HP: 8/32 [poisoned by Crazy Yiuf]
  2409 | D:2      | Killed Crazy Yiuf
  2412 | D:2      | HP: 4/32 [poisoned by Crazy Yiuf]
  2679 | D:2      | Identified the +6 mace "Ymann" {holy, rPois Int+3}
  2738 | D:3      | Noticed a phantom
  2755 | D:3      | HP: 7/32 [phantom (4)]
  2756 | D:3      | HP: 3/32 [phantom (4)]
  2760 | D:3      | Slain by a phantom

Vanquished Creatures
  Crazy Yiuf (D:2)
  Robin (D:2)
  An adder (D:2)
  2 worms (D:2)
  5 ball pythons
  3 bats (D:1)
  3 endoplasms
  2 giant cockroaches
  A hobgoblin (D:2)
  3 kobolds
  4 quokkas (D:1)
  2 frilled lizards (D:1)
  13 goblins
  2 rats (D:1)
43 creatures vanquished.
